General information
- name: BNet
- type: Ladder team game (AT/RT)
- host: Battle.net
- saver: THEGREATTRAlTOR
map: TwilightRuins
- players: 8
- length: 39:45
- speed: Fast
- version: 1.26 W3XP
- replay type: Public
» download(300 KB)
Players
team 1 (loser)
i_BOOM_u (
pink | 68 APM | 2653 actions | 39:04)
4 Death Knight
2 Death Coil
2 Unholy Aura
2 Lich
1 Frost Nova
1 Frost Armor
2 Dreadlord
1 Carrion Swarm
1 Sleep
» actions
| Assign group hotkey | 145 | |
| Basic commands | 3 | |
| Build / train | 152 | |
| Enter build submenu | 53 | |
| Enter hero's abilities submenu | 9 | |
| Give item / drop item | 15 | |
| Right click | 1018 | |
| Select / deselect | 478 | |
| Select group hotkey | 600 | |
| Use ability | 180 | |
2653 total
» units
| Acolyte | 42 | |
| Ghoul | 14 | |
| Goblin Shredder | 9 | |
| Crypt Fiend | 4 | |
| Frost Wyrm | 4 | |
73 total
» upgrades
| Creature Attack | 3 | |
| Creature Carapace | 4 | |
| Web | 1 | |
| Freezing Breath | 1 | |
9 total
» buildings
| Crypt | 2 | |
| Ziggurat | 25 | |
| Halls of the Dead | 2 | |
| Altar of Darkness | 1 | |
| Tomb of Relics | 1 | |
| Graveyard | 1 | |
| Black Citadel | 3 | |
| Nerubian Tower | 8 | |
| Spirit Tower | 17 | |
| Sacrificial Pit | 1 | |
| Boneyard | 3 | |
| Necropolis | 1 | |
65 total
» build order
00:10 Crypt
00:12 Ziggurat
02:06 Halls of the Dead
02:06 Halls of the Dead
02:25 Ziggurat
02:29 Altar of Darkness
02:59 Ziggurat
03:09 Tomb of Relics
03:47 Ziggurat
04:20 Graveyard
07:42 Black Citadel
09:01 Black Citadel
09:31 Ziggurat
09:34 Ziggurat
12:35 Nerubian Tower
12:36 Spirit Tower
13:25 Spirit Tower
13:25 Spirit Tower
16:55 Ziggurat
16:57 Ziggurat
16:59 Ziggurat
17:04 Ziggurat
17:13 Ziggurat
17:24 Sacrificial Pit
17:35 Ziggurat
17:59 Nerubian Tower
17:59 Nerubian Tower
18:00 Spirit Tower
18:00 Spirit Tower
19:47 Spirit Tower
19:47 Spirit Tower
20:09 Spirit Tower
21:49 Ziggurat
21:51 Ziggurat
21:52 Ziggurat
21:53 Ziggurat
21:56 Ziggurat
21:57 Ziggurat
22:13 Ziggurat
22:18 Ziggurat
22:20 Ziggurat
22:21 Ziggurat
22:22 Ziggurat
22:24 Ziggurat
22:27 Boneyard
22:33 Boneyard
22:36 Boneyard
23:21 Nerubian Tower
23:21 Nerubian Tower
23:22 Spirit Tower
23:22 Spirit Tower
23:28 Nerubian Tower
23:28 Nerubian Tower
24:09 Spirit Tower
24:50 Spirit Tower
24:50 Spirit Tower
29:03 Ziggurat
36:44 Necropolis
36:49 Crypt
» items
| Rod of Necromancy | 1 | |
| Potion of Healing | 3 | |
| Scroll of Town Portal | 5 | |
| Orb of Corruption | 1 | |
| Scroll of Healing | 4 | |
| Dust of Appearance | 2 | |
| Boots of Speed | 3 | |
19 total
THEGREATTRAlTOR (
blue | 111 APM | 4431 actions | 39:45)
7 Archmage
2 Summon Water Elemental
2 Brilliance Aura
2 Blizzard
1 Mass Teleport
4 Blood Mage
2 Flame Strike
2 Banish
» actions
| Assign group hotkey | 87 | |
| Basic commands | 322 | |
| Build / train | 218 | |
| ESC pressed | 2 | |
| Enter build submenu | 71 | |
| Enter hero's abilities submenu | 11 | |
| Give item / drop item | 8 | |
| Right click | 1563 | |
| Select / deselect | 547 | |
| Select group hotkey | 1293 | |
| Use ability | 309 | |
4431 total
» units
| Peasant | 13 | |
| Footman | 8 | |
| Goblin Shredder | 2 | |
| Sorceress | 1 | |
| Gryphon Rider | 9 | |
| Goblin Sapper | 8 | |
| Dragonhawk Rider | 4 | |
| Acolyte | 1 | |
46 total
» upgrades
| Masonry | 3 | |
| Lumber Harvesting | 2 | |
| Sorceress Training | 2 | |
| Storm Hammers | 1 | |
| Cloud | 1 | |
| Animal War Training | 1 | |
| Swords | 3 | |
| Armor | 3 | |
16 total
» buildings
| Altar of Kings | 1 | |
| Barracks | 1 | |
| Farm | 11 | |
| Lumber Mill | 1 | |
| Scout Tower | 50 | |
| Town Hall | 3 | |
| Guard Tower | 71 | |
| Arcane Tower | 5 | |
| Arcane Vault | 1 | |
| Keep | 3 | |
| Castle | 3 | |
| Arcane Sanctum | 1 | |
| Gryphon Aviary | 4 | |
| Blacksmith | 1 | |
156 total
» build order
00:35 Altar of Kings
00:38 Barracks
00:49 Farm
01:03 Farm
01:36 Farm
01:47 Lumber Mill
02:29 Farm
03:38 Scout Tower
03:44 Town Hall
03:46 Scout Tower
03:47 Scout Tower
03:48 Scout Tower
03:50 Scout Tower
03:51 Scout Tower
04:03 Scout Tower
04:21 Guard Tower
04:22 Guard Tower
04:31 Guard Tower
04:31 Guard Tower
04:41 Arcane Tower
04:41 Arcane Tower
05:10 Arcane Vault
05:39 Keep
05:39 Keep
06:45 Scout Tower
06:46 Scout Tower
06:49 Scout Tower
06:51 Scout Tower
06:53 Scout Tower
06:54 Scout Tower
07:23 Guard Tower
07:23 Guard Tower
07:28 Guard Tower
07:28 Guard Tower
07:29 Guard Tower
07:33 Scout Tower
07:34 Scout Tower
07:37 Scout Tower
07:39 Scout Tower
08:00 Guard Tower
08:00 Guard Tower
08:03 Castle
08:03 Castle
08:03 Castle
08:06 Guard Tower
08:06 Guard Tower
08:06 Guard Tower
08:06 Guard Tower
08:11 Arcane Tower
08:12 Arcane Tower
08:34 Scout Tower
08:38 Scout Tower
08:40 Scout Tower
08:56 Arcane Sanctum
09:09 Guard Tower
09:09 Guard Tower
09:09 Guard Tower
09:11 Guard Tower
09:11 Guard Tower
09:16 Guard Tower
09:17 Guard Tower
10:18 Gryphon Aviary
10:20 Gryphon Aviary
11:59 Blacksmith
12:00 Scout Tower
14:37 Scout Tower
14:39 Scout Tower
14:40 Scout Tower
14:41 Scout Tower
14:44 Scout Tower
14:46 Scout Tower
14:47 Scout Tower
14:51 Guard Tower
14:51 Guard Tower
14:51 Guard Tower
15:25 Guard Tower
15:25 Guard Tower
15:25 Guard Tower
16:51 Guard Tower
16:51 Guard Tower
16:52 Guard Tower
17:41 Farm
17:42 Farm
20:39 Scout Tower
20:41 Scout Tower
20:43 Scout Tower
22:06 Guard Tower
22:07 Gryphon Aviary
22:08 Gryphon Aviary
23:06 Farm
23:08 Farm
23:28 Keep
24:33 Farm
26:37 Scout Tower
26:38 Scout Tower
26:42 Scout Tower
26:42 Scout Tower
26:43 Scout Tower
26:45 Scout Tower
26:46 Scout Tower
26:46 Scout Tower
26:47 Scout Tower
26:48 Scout Tower
26:48 Scout Tower
27:08 Farm
27:10 Guard Tower
27:10 Guard Tower
27:10 Guard Tower
27:33 Guard Tower
27:34 Guard Tower
27:48 Guard Tower
27:48 Guard Tower
27:48 Guard Tower
29:09 Town Hall
29:10 Scout Tower
29:11 Scout Tower
29:13 Town Hall
29:15 Scout Tower
29:15 Scout Tower
29:22 Scout Tower
29:23 Scout Tower
29:25 Scout Tower
29:26 Scout Tower
29:46 Guard Tower
29:46 Guard Tower
29:47 Guard Tower
29:47 Guard Tower
29:53 Guard Tower
29:53 Guard Tower
29:54 Guard Tower
30:19 Guard Tower
30:19 Guard Tower
38:46 Farm
» items
| Staff of Teleportation | 2 | |
| Scroll of Regeneration | 10 | |
| Mechanical Critter | 4 | |
| Lesser Clarity Potion | 1 | |
| Tome of Retraining | 1 | |
| Boots of Speed | 1 | |
| Potion of Lesser Invulnerability | 1 | |
| Potion of Invisibility | 2 | |
| Mana Stone | 3 | |
| Pendant of Energy | 1 | |
| Mantle of Intelligence +3 | 1 | |
| Potion of Healing | 5 | |
| Scroll of Town Portal | 3 | |
35 total
sdfwqerwesdfsdf (
red | 73 APM | 2727 actions | 37:11)
6 Mountain King
3 Storm Bolt
2 Bash
1 Avatar
5 Paladin
2 Holy Light
1 Divine Shield
2 Devotion Aura
5 Blood Mage
1 Banish
1 Siphon Mana
3 Flame Strike
» actions
| Assign group hotkey | 33 | |
| Basic commands | 405 | |
| Build / train | 104 | |
| Enter build submenu | 28 | |
| Enter hero's abilities submenu | 16 | |
| Give item / drop item | 12 | |
| Remove unit from queue | 3 | |
| Right click | 444 | |
| Select / deselect | 425 | |
| Select group hotkey | 1106 | |
| Use ability | 151 | |
2727 total
» units
| Peasant | 13 | |
| Footman | 4 | |
| Goblin Shredder | 4 | |
| Gryphon Rider | 15 | |
| Mortar Team | 6 | |
| Dragonhawk Rider | 1 | |
43 total
» upgrades
| Defend | 1 | |
| Lumber Harvesting | 1 | |
| Swords | 3 | |
| Armor | 3 | |
| Masonry | 3 | |
| Animal War Training | 1 | |
| Storm Hammers | 1 | |
| Cloud | 1 | |
| Flare | 1 | |
| Fragmentation Shards | 1 | |
| Gunpowder | 2 | |
18 total
» buildings
| Altar of Kings | 1 | |
| Farm | 13 | |
| Barracks | 1 | |
| Lumber Mill | 1 | |
| Scout Tower | 13 | |
| Arcane Tower | 1 | |
| Keep | 1 | |
| Town Hall | 2 | |
| Castle | 1 | |
| Blacksmith | 1 | |
| Arcane Vault | 1 | |
| Gryphon Aviary | 2 | |
| Guard Tower | 5 | |
| Workshop | 2 | |
45 total
» build order
00:21 Altar of Kings
00:35 Farm
00:51 Barracks
00:57 Farm
01:06 Lumber Mill
01:43 Farm
02:06 Scout Tower
02:33 Arcane Tower
03:40 Keep
04:09 Farm
04:51 Town Hall
06:13 Castle
06:45 Blacksmith
06:46 Arcane Vault
07:50 Gryphon Aviary
07:51 Gryphon Aviary
08:02 Farm
08:03 Farm
08:11 Farm
08:11 Farm
09:23 Farm
11:49 Farm
12:33 Farm
12:34 Farm
12:52 Scout Tower
12:54 Scout Tower
12:55 Scout Tower
12:56 Scout Tower
12:57 Scout Tower
12:57 Scout Tower
13:00 Scout Tower
13:01 Scout Tower
13:02 Scout Tower
13:02 Scout Tower
13:03 Scout Tower
13:03 Scout Tower
13:26 Guard Tower
13:45 Guard Tower
14:45 Guard Tower
15:16 Workshop
15:17 Workshop
15:22 Farm
15:47 Guard Tower
16:40 Guard Tower
35:31 Town Hall
» items
| Boots of Speed | 3 | |
| Periapt of Vitality | 1 | |
| Circlet of Nobility | 1 | |
| Orb of Fire | 1 | |
| Scroll of Regeneration | 1 | |
| Scroll of Town Portal | 4 | |
11 total
CorgiMonster (
yellow | 103 APM | 3888 actions | 37:55)
5 Crypt Lord
3 Carrion Beetles
2 Spiked Carapace
3 Dreadlord
2 Vampiric Aura
1 Sleep
3 Lich
2 Frost Armor
1 Frost Nova
» actions
| Assign group hotkey | 64 | |
| Basic commands | 19 | |
| Build / train | 89 | |
| Enter build submenu | 24 | |
| Enter hero's abilities submenu | 11 | |
| Remove unit from queue | 2 | |
| Right click | 1452 | |
| Select / deselect | 550 | |
| Select group hotkey | 1636 | |
| Use ability | 41 | |
3888 total
» units
| Acolyte | 9 | |
| Ghoul | 4 | |
| Crypt Fiend | 24 | |
| Obsidian Statue | 5 | |
| Frost Wyrm | 3 | |
45 total
» upgrades
| Creature Attack | 3 | |
| Creature Carapace | 4 | |
| Web | 1 | |
| Freezing Breath | 1 | |
9 total
» buildings
| Altar of Darkness | 1 | |
| Ziggurat | 10 | |
| Graveyard | 1 | |
| Crypt | 2 | |
| Nerubian Tower | 2 | |
| Tomb of Relics | 1 | |
| Halls of the Dead | 1 | |
| Sacrificial Pit | 1 | |
| Slaughterhouse | 1 | |
| Spirit Tower | 5 | |
| Black Citadel | 1 | |
| Boneyard | 2 | |
28 total
» build order
00:13 Altar of Darkness
00:18 Ziggurat
00:31 Graveyard
02:19 Crypt
02:25 Crypt
02:29 Nerubian Tower
02:34 Tomb of Relics
03:51 Ziggurat
03:58 Ziggurat
05:12 Ziggurat
06:15 Halls of the Dead
08:03 Ziggurat
08:59 Sacrificial Pit
09:05 Slaughterhouse
09:45 Ziggurat
09:49 Ziggurat
10:08 Ziggurat
10:22 Ziggurat
10:35 Ziggurat
10:50 Spirit Tower
10:57 Nerubian Tower
11:04 Spirit Tower
11:15 Spirit Tower
11:28 Spirit Tower
12:20 Black Citadel
13:20 Spirit Tower
14:46 Boneyard
14:50 Boneyard
» items
| Scroll of Town Portal | 3 | |
| Orb of Corruption | 4 | |
| Periapt of Vitality | 1 | |
| Circlet of Nobility | 1 | |
| Scroll of Healing | 1 | |
10 total
team 2 (winner)
4got10 (
teal | 66 APM | 1446 actions | 21:54)
5 Death Knight
3 Death Coil
2 Unholy Aura
3 Lich
2 Frost Nova
1 Dark Ritual
» actions
| Assign group hotkey | 20 | |
| Basic commands | 200 | |
| Build / train | 72 | |
| Enter build submenu | 16 | |
| Enter hero's abilities submenu | 8 | |
| Give item / drop item | 2 | |
| Right click | 248 | |
| Select / deselect | 211 | |
| Select group hotkey | 592 | |
| Use ability | 77 | |
1446 total
» units
| Acolyte | 20 | |
| Ghoul | 3 | |
| Crypt Fiend | 5 | |
| Obsidian Statue | 4 | |
| Gargoyle | 3 | |
| Frost Wyrm | 2 | |
37 total
» upgrades
| Web | 1 | |
| Burrow | 1 | |
| Creature Attack | 1 | |
| Destroyer Form | 1 | |
| Creature Carapace | 1 | |
5 total
» buildings
| Graveyard | 1 | |
| Crypt | 2 | |
| Ziggurat | 8 | |
| Altar of Darkness | 1 | |
| Tomb of Relics | 1 | |
| Necropolis | 1 | |
| Halls of the Dead | 1 | |
| Nerubian Tower | 3 | |
| Spirit Tower | 2 | |
| Black Citadel | 1 | |
| Sacrificial Pit | 1 | |
| Slaughterhouse | 2 | |
| Boneyard | 1 | |
25 total
» build order
00:22 Graveyard
00:27 Crypt
00:42 Ziggurat
01:00 Altar of Darkness
01:26 Ziggurat
02:03 Tomb of Relics
04:27 Necropolis
04:46 Ziggurat
05:28 Halls of the Dead
06:16 Nerubian Tower
06:19 Ziggurat
06:20 Ziggurat
07:34 Spirit Tower
09:11 Black Citadel
09:14 Sacrificial Pit
09:20 Slaughterhouse
09:20 Slaughterhouse
09:38 Ziggurat
09:40 Ziggurat
09:42 Ziggurat
09:52 Crypt
12:50 Nerubian Tower
12:51 Spirit Tower
13:00 Boneyard
14:15 Nerubian Tower
» items
| Rod of Necromancy | 1 | |
| Sacrificial Skull | 2 | |
| Scroll of Healing | 1 | |
| Potion of Lesser Invulnerability | 2 | |
| Boots of Speed | 1 | |
| Potion of Healing | 2 | |
| Orb of Corruption | 1 | |
| Scroll of Town Portal | 3 | |
13 total
Yelle (
orange | 59 APM | 2363 actions | 39:45)
9 Blademaster
3 Wind Walk
3 Critical Strike
1 Bladestorm
2 Mirror Image
1 Archmage
1 Summon Water Elemental
» actions
| Assign group hotkey | 118 | |
| Basic commands | 65 | |
| Build / train | 91 | |
| Enter build submenu | 40 | |
| Enter hero's abilities submenu | 9 | |
| Give item / drop item | 7 | |
| Remove unit from queue | 1 | |
| Right click | 1111 | |
| Select / deselect | 390 | |
| Select group hotkey | 285 | |
| Use ability | 246 | |
2363 total
» units
| Peon | 13 | |
| Grunt | 4 | |
| Goblin Shredder | 2 | |
| Goblin Sapper | 5 | |
| Wind Rider | 1 | |
| Troll Batrider | 14 | |
39 total
» upgrades
| Reinforced Defenses | 1 | |
| Ranged Weapons | 2 | |
| Armor | 2 | |
| Envenomed Spears | 1 | |
| Troll Regeneration | 1 | |
7 total
» buildings
| Orc Burrow | 3 | |
| Altar of Storms | 1 | |
| Barracks | 1 | |
| Voodoo Lounge | 1 | |
| Stronghold | 2 | |
| Great Hall | 3 | |
| Fortress | 2 | |
| War Mill | 2 | |
| Beastiary | 4 | |
| Watch Tower | 22 | |
41 total
» build order
00:14 Orc Burrow
00:52 Altar of Storms
00:55 Barracks
01:09 Orc Burrow
01:46 Voodoo Lounge
02:52 Stronghold
04:09 Orc Burrow
04:27 Great Hall
05:56 Fortress
05:59 War Mill
08:17 Beastiary
08:17 Beastiary
08:19 Beastiary
08:23 Beastiary
08:27 Watch Tower
08:28 Watch Tower
08:29 Watch Tower
08:30 Watch Tower
08:50 War Mill
16:14 Great Hall
16:30 Watch Tower
16:31 Watch Tower
16:32 Watch Tower
16:32 Watch Tower
18:20 Great Hall
19:24 Watch Tower
19:25 Watch Tower
19:26 Watch Tower
19:27 Watch Tower
21:35 Stronghold
22:18 Watch Tower
22:18 Watch Tower
22:20 Watch Tower
22:21 Watch Tower
22:22 Watch Tower
29:57 Fortress
35:43 Watch Tower
35:44 Watch Tower
35:44 Watch Tower
35:45 Watch Tower
35:45 Watch Tower
» items
| Healing Salve | 2 | |
| Orb of Lightning | 1 | |
| Lesser Clarity Potion | 6 | |
| Potion of Mana | 3 | |
| Periapt of Vitality | 3 | |
| Boots of Speed | 1 | |
| Potion of Healing | 1 | |
| Scroll of Town Portal | 8 | |
| Potion of Lesser Invulnerability | 2 | |
| Staff of Teleportation | 1 | |
| Tiny Great Hall | 1 | |
29 total
XXL-TSHIRT (
purple | 64 APM | 2529 actions | 39:45)
5 Paladin
3 Holy Light
2 Divine Shield
1 Archmage
1 Brilliance Aura
» actions
| Assign group hotkey | 30 | |
| Basic commands | 10 | |
| Build / train | 69 | |
| Enter build submenu | 18 | |
| Enter hero's abilities submenu | 6 | |
| Give item / drop item | 1 | |
| Right click | 1113 | |
| Select / deselect | 351 | |
| Select group hotkey | 777 | |
| Use ability | 154 | |
2529 total
» units
| Peasant | 10 | |
| Rifleman | 6 | |
| Siege Engine | 5 | |
21 total
» upgrades
| Masonry | 2 | |
| Gunpowder | 1 | |
| Lumber Harvesting | 1 | |
| Long Rifles | 1 | |
5 total
» buildings
| Altar of Kings | 1 | |
| Farm | 9 | |
| Lumber Mill | 1 | |
| Scout Tower | 9 | |
| Arcane Tower | 2 | |
| Guard Tower | 5 | |
| Blacksmith | 1 | |
| Barracks | 2 | |
| Arcane Vault | 1 | |
| Keep | 1 | |
| Castle | 1 | |
33 total
» build order
00:16 Altar of Kings
00:30 Farm
00:46 Lumber Mill
01:16 Farm
01:35 Scout Tower
01:36 Scout Tower
02:02 Arcane Tower
02:02 Arcane Tower
02:15 Guard Tower
02:20 Scout Tower
02:38 Scout Tower
02:39 Scout Tower
02:53 Guard Tower
03:06 Blacksmith
03:15 Guard Tower
03:23 Farm
03:32 Barracks
03:44 Barracks
04:03 Farm
04:03 Farm
04:05 Farm
04:07 Farm
05:47 Arcane Vault
06:22 Keep
08:09 Scout Tower
08:09 Scout Tower
08:11 Scout Tower
08:57 Guard Tower
11:09 Guard Tower
11:46 Castle
36:46 Farm
36:52 Farm
» items
| Staff of Teleportation | 1 | |
| Scroll of Regeneration | 3 | |
| Lesser Clarity Potion | 2 | |
| Potion of Mana | 4 | |
| Potion of Invisibility | 6 | |
| Scroll of Town Portal | 7 | |
| Boots of Speed | 1 | |
| Potion of Lesser Invulnerability | 2 | |
| Healing Salve | 1 | |
27 total
llSherLockll (
green | 41 APM | 902 actions | 21:57)
3 Archmage
2 Summon Water Elemental
1 Brilliance Aura
» actions
| Basic commands | 58 | |
| Build / train | 67 | |
| ESC pressed | 1 | |
| Enter build submenu | 37 | |
| Enter hero's abilities submenu | 3 | |
| Right click | 358 | |
| Select / deselect | 334 | |
| Use ability | 44 | |
902 total
» units
| Peasant | 18 | |
| Footman | 12 | |
| Goblin Shredder | 1 | |
| Siege Engine | 7 | |
| Knight | 6 | |
| Sorceress | 3 | |
| Priest | 2 | |
49 total
» upgrades
| Swords | 3 | |
| Lumber Harvesting | 1 | |
| Plating | 2 | |
| Gunpowder | 2 | |
| Barrage | 1 | |
| Animal War Training | 1 | |
10 total
» buildings
| Farm | 12 | |
| Barracks | 2 | |
| Altar of Kings | 1 | |
| Keep | 1 | |
| Town Hall | 2 | |
| Arcane Vault | 1 | |
| Blacksmith | 2 | |
| Workshop | 3 | |
| Lumber Mill | 2 | |
| Castle | 1 | |
| Arcane Sanctum | 2 | |
29 total
» build order
00:44 Farm
00:56 Barracks
01:00 Farm
01:11 Altar of Kings
01:26 Barracks
01:51 Farm
02:15 Farm
03:50 Farm
04:52 Keep
05:30 Town Hall
05:44 Arcane Vault
05:52 Blacksmith
05:56 Farm
07:23 Workshop
07:27 Workshop
08:17 Blacksmith
08:33 Farm
08:40 Lumber Mill
09:44 Farm
10:18 Castle
11:07 Farm
11:16 Workshop
11:50 Farm
12:25 Farm
13:32 Lumber Mill
14:05 Arcane Sanctum
14:09 Arcane Sanctum
16:03 Farm
18:56 Town Hall
» items
Chat log
(00:02 / All) THEGREATTRAlTOR: all level 1s
(00:06 / Allies) sdfwqerwesdfsdf: why pink?
(00:09 / All) XXL-TSHIRT: boom
(00:21 / Allies) i_BOOM_u: anyone want to feed me?
(00:23 / Allies) THEGREATTRAlTOR: no
(00:26 / Allies) sdfwqerwesdfsdf: i got foots to grpyhons
(00:31 / Allies) THEGREATTRAlTOR: of course you do
(00:52 / All) XXL-TSHIRT: i hate the fucking ravens
(00:56 / All) XXL-TSHIRT: terrel suggs is a nigger thug
(01:11 / All) i_BOOM_u: CHARGE!!
(01:19 / Allies) sdfwqerwesdfsdf: wtf you doing pink
(01:21 / All) Yelle: easily the ugliest player ever never gets on ugliest list lawl
(01:29 / All) Yelle: always white players on those limp wristed blog sites
(02:04 / Allies) THEGREATTRAlTOR: he is sucking, it looks like
(02:22 / All) Yelle: work it make it do it makes us
(02:28 / All) Yelle: HARDER BETTER FASTER STRONGER!
(03:21 / All) Yelle: albatross is easily the shittest bird
(03:28 / All) Yelle: I hate albatross
(03:32 / All) sdfwqerwesdfsdf: what bear is best
(03:37 / All) sdfwqerwesdfsdf: false
(03:38 / All) sdfwqerwesdfsdf: blackbear
(03:51 / All) Yelle: polar bear ez
(04:00 / All) Yelle: polar bear smartest bear
(04:16 / All) THEGREATTRAlTOR: polar bear fur is hollow
(04:24 / All) THEGREATTRAlTOR: so they soak up algae
(04:27 / All) THEGREATTRAlTOR: and can turn green in summer
(04:45 / All) Yelle: polar bears are cool
(04:51 / All) THEGREATTRAlTOR: yeah
(04:59 / All) Yelle: second best land animal after tigters
(05:12 / All) Yelle: elephants badass too
(06:08 / Allies) sdfwqerwesdfsdf: coming blue
(06:38 / Allies) sdfwqerwesdfsdf: coming pink
(07:31 / All) i_BOOM_u: LOL
(08:18 / Allies) sdfwqerwesdfsdf: coming
(09:17 / Allies) i_BOOM_u: ty
(09:20 / Allies) sdfwqerwesdfsdf: np
(09:46 / All) XXL-TSHIRT: hacker
(10:10 / All) Yelle: LOL
(10:19 / All) i_BOOM_u: more effort plz
(10:20 / All) Yelle: HEHE
(10:22 / All) i_BOOM_u: waste a pot for a shredder
(10:24 / Allies) i_BOOM_u: LOL
(10:26 / All) i_BOOM_u: LOL
(10:32 / All) Yelle: LOL
(10:53 / All) i_BOOM_u: fail
(12:12 / All) sdfwqerwesdfsdf: lol greeen
(12:43 / All) Yelle: LOL
(13:08 / All) Yelle: LOPL
(13:09 / All) Yelle: LOL!
(13:12 / All) XXL-TSHIRT: wrecked
(13:13 / All) XXL-TSHIRT: pink
(13:15 / All) Yelle: I laughed my butt off
(13:15 / All) XXL-TSHIRT: boom
(13:24 / All) Yelle: suck on that you little faggot
(13:28 / All) i_BOOM_u: u mad?
(13:35 / All) THEGREATTRAlTOR: blind spot there at your expo teal
(13:38 / All) Yelle: nice shreddars LOL
(13:39 / All) THEGREATTRAlTOR: need more ziggurats I think
(14:12 / All) i_BOOM_u: LOL
(14:24 / All) Yelle: lkawl shit
(14:27 / All) Yelle: shut up dick rider pink
(14:31 / All) i_BOOM_u: u mad?
(14:31 / All) sdfwqerwesdfsdf: nice shredder oreange
(14:37 / All) Yelle: you dick riding?
(14:42 / All) Yelle: red mhing obviuously
(15:23 / All) THEGREATTRAlTOR: Red just angered the wrong player
(15:29 / All) sdfwqerwesdfsdf: lol really?
(16:17 / All) THEGREATTRAlTOR: ADHADHU WBRHAWBRH
(16:20 / All) THEGREATTRAlTOR: I CLICKED THE FUCKING POT
(16:25 / Allies) sdfwqerwesdfsdf: stop hitting alone
(17:11 / All) Yelle: red mhs
(17:16 / All) i_BOOM_u: u mad?
(17:30 / All) i_BOOM_u: laughing my ass off right now.
(17:32 / All) i_BOOM_u: LOL
(17:33 / All) THEGREATTRAlTOR: if he maphacks he fucking sucks at fightingbats LOL
(17:36 / All) Yelle: dick riding?
(17:43 / All) i_BOOM_u: pussy crying?
(17:50 / All) Yelle: dick riding?
(17:57 / All) i_BOOM_u: more vocabulary?
(18:02 / All) Yelle: dick riding?
(18:09 / All) i_BOOM_u: lawlz @ u
(18:10 / All) Yelle: dick riding a mher?
(18:14 / Allies) i_BOOM_u: wood plz
(18:28 / Allies) i_BOOM_u: someone pass me some wood
(18:29 / Allies) i_BOOM_u: fast
(18:38 / Allies) sdfwqerwesdfsdf: i need gold
(19:16 / Allies) sdfwqerwesdfsdf: help
(20:06 / Allies) sdfwqerwesdfsdf: plz meet
(20:08 / Allies) sdfwqerwesdfsdf: pink and blue
(20:43 / Allies) sdfwqerwesdfsdf: use web
(21:48 / All) 4got10: my teams garbage gj guys creating nothing worth while, what a fucking joke
(22:00 / All) i_BOOM_u: laughing my ass off
(22:04 / All) sdfwqerwesdfsdf: where you at orange
(22:32 / Allies) sdfwqerwesdfsdf: wtf blue
(22:47 / All) i_BOOM_u: LOL
(22:56 / All) i_BOOM_u: BOOM
(22:58 / All) i_BOOM_u: LOlOLOL
(23:00 / All) i_BOOM_u: what a scrub
(23:07 / All) Yelle: dick rider
(23:12 / All) i_BOOM_u: SO MAD
(23:13 / All) i_BOOM_u: LOLOLOL
(23:34 / All) i_BOOM_u: RAGE?
(23:50 / All) i_BOOM_u: LOL
(23:54 / All) i_BOOM_u: i got 3 mines runnin son
(23:57 / All) i_BOOM_u: gtfo
(23:58 / All) i_BOOM_u: LOL
(24:04 / All) i_BOOM_u: BOOM
(25:08 / All) i_BOOM_u: LOL
(25:11 / All) i_BOOM_u: orange so mad at me
(25:30 / Allies) sdfwqerwesdfsdf: no idea whats going on
(25:31 / All) i_BOOM_u: he throweing everything he can at my mines
(25:33 / All) i_BOOM_u: LOL
(25:40 / All) i_BOOM_u: he brought 4 armies to my mine
(25:41 / All) i_BOOM_u: LOL
(25:43 / All) Yelle: mad?
(25:44 / All) i_BOOM_u: talk about super rage
(25:48 / All) i_BOOM_u: no, son
(25:52 / All) i_BOOM_u: this shit is fuckin hilarious
(25:53 / All) i_BOOM_u: LOL
(25:59 / All) i_BOOM_u: bahahahahaha
(26:17 / Allies) sdfwqerwesdfsdf: blue is tking
(26:18 / All) THEGREATTRAlTOR: nice try killing me red
(26:21 / All) THEGREATTRAlTOR: you can't if you try
(26:25 / Allies) sdfwqerwesdfsdf: you tried killing me idiot
(26:41 / Allies) sdfwqerwesdfsdf: i need gold
(26:55 / All) THEGREATTRAlTOR: I wish I had mass tp
(27:02 / Allies) CorgiMonster: stop attacking each other
(27:10 / Allies) sdfwqerwesdfsdf: well
(27:13 / Allies) sdfwqerwesdfsdf: blue tking lost the game
(27:47 / Allies) sdfwqerwesdfsdf: pink
(27:50 / Allies) sdfwqerwesdfsdf: plz help
(28:22 / Allies) sdfwqerwesdfsdf: blue is tking for some reason
(28:29 / Allies) i_BOOM_u: cuz he mad
(28:30 / Allies) i_BOOM_u: LOL
(29:13 / Allies) sdfwqerwesdfsdf: get back pink
(30:18 / All) i_BOOM_u: BOOM
(30:27 / All) THEGREATTRAlTOR: BOOM!
(30:42 / All) i_BOOM_u: blue mad
(30:43 / All) i_BOOM_u: LOL
(30:48 / All) THEGREATTRAlTOR: I'm perfectly calm
(30:54 / All) i_BOOM_u: no ur not
(30:55 / Allies) sdfwqerwesdfsdf: so why you tking
(30:55 / All) i_BOOM_u: ur mad
(30:57 / All) i_BOOM_u: trust me
(30:58 / All) i_BOOM_u: LOL
(31:03 / All) THEGREATTRAlTOR: If that makes you feel better to believe
(31:30 / Allies) sdfwqerwesdfsdf: pink meet with me and yellow
(31:56 / Allies) sdfwqerwesdfsdf: pink get back
(31:59 / Allies) i_BOOM_u: fail
(32:31 / All) THEGREATTRAlTOR: damn that didn't even give me level 6
(33:15 / Allies) sdfwqerwesdfsdf: yellow
(33:17 / Allies) sdfwqerwesdfsdf: blue is coming to tk
(33:20 / Allies) sdfwqerwesdfsdf: we need to kill him
(33:26 / Allies) sdfwqerwesdfsdf: 'aim for his grpyhoins
(33:29 / Allies) sdfwqerwesdfsdf: ok yellow?
(33:35 / Allies) THEGREATTRAlTOR: you retards couldn't kill me if you wanted to
(33:37 / Allies) THEGREATTRAlTOR: you clowns suck
(33:57 / Allies) sdfwqerwesdfsdf: pink mass gargs
(34:01 / Allies) sdfwqerwesdfsdf: against bvbllue
(34:10 / Allies) THEGREATTRAlTOR: yes mass gargs with your 1 crypt
(34:59 / Allies) sdfwqerwesdfsdf: pink feed me gold plz
(36:45 / Allies) CorgiMonster: need a little gold
(37:04 / All) sdfwqerwesdfsdf: obviously blue and orange are butt buddies
(37:05 / All) Yelle: LOL
(37:11 / All) XXL-TSHIRT: oh be quiet hacker
(37:12 / Allies) CorgiMonster: gold me
(37:13 / All) i_BOOM_u: they both ragin
(37:15 / All) i_BOOM_u: it's ok
(37:17 / All) i_BOOM_u: just a ganme
(37:20 / All) i_BOOM_u: they got raped
(37:25 / All) i_BOOM_u: now they mad
(37:26 / All) i_BOOM_u: LOL
(37:28 / All) XXL-TSHIRT: we ar ejust rusty
(38:01 / All) THEGREATTRAlTOR: like I said
(38:03 / All) XXL-TSHIRT: pink ur a nigger
(38:05 / All) THEGREATTRAlTOR: you clowns can't kill mei f you want
(38:08 / All) i_BOOM_u: LOL
(38:09 / All) XXL-TSHIRT: lawl
(38:12 / All) Yelle: LOL
(38:15 / All) THEGREATTRAlTOR: something funny pink?
(38:18 / All) Yelle: nice expansion
(38:27 / All) i_BOOM_u: blue, fyi, staying in ur base, massing towers, and massing gold, then attacking your allies when they have no units left
(38:29 / All) XXL-TSHIRT: pink we know ur pissed cuz if hte tables were turned u would be loling nonstop
(38:30 / All) i_BOOM_u: does not equal skill
(38:31 / All) Yelle: blah blah blah
(38:32 / All) i_BOOM_u: sorry bro
(38:33 / All) THEGREATTRAlTOR: yes it does
(38:35 / All) THEGREATTRAlTOR: sorry bro
(38:42 / All) i_BOOM_u: this is my lvl 2 account
(38:45 / All) Yelle: u mad
(38:46 / All) XXL-TSHIRT: wuts ur aka
(38:46 / All) i_BOOM_u: why in the hell would i be pissed
(38:47 / All) i_BOOM_u: LOL
(38:49 / All) i_BOOM_u: LOL
(38:49 / All) i_BOOM_u: LOL
(38:50 / All) i_BOOM_u: LOL
(38:52 / All) Yelle: u wanted to get over on me
(38:54 / All) Yelle: ya failed
(39:00 / All) i_BOOM_u: yes, a loss on my account that im going to remake right now
(39:01 / All) i_BOOM_u: LOL
(39:04 / All) THEGREATTRAlTOR: is that much better than your level 3 account?
(39:07 / All) Yelle: and that didn't come through either
(39:10 / All) THEGREATTRAlTOR: my team 100% loses
(39:15 / All) XXL-TSHIRT: lawl
(39:16 / All) THEGREATTRAlTOR: agreed?
(39:29 / All) XXL-TSHIRT: last time i go rifles i swear
(39:38 / All) THEGREATTRAlTOR: We agree my team loses?
(39:41 / All) XXL-TSHIRT: yes
(39:44 / All) Yelle: Yes
(39:45 / All) THEGREATTRAlTOR: k